cohdb
Replays
Latest Replays
All Replays
Popular Replays
Top Player Replays
Match Explorer
How It Works
Community
CoH3 Stats
Reddit
Sign in to upload your games and track your stats! →
Sign in with Steam
Match 45203807
Unlisted
Match 45203807
Overview
Messages
Build Orders
End
Construct Barracks
Selects Heavy Weapons
Scout Squad
Riflemen Squad
Riflemen Squad
Riflemen Squad
Mechanized Support Center
Grenade Package
Construct Motor Pool
M8 Greyhound Armored Car
M8 Greyhound Armored Car
Improvised Armor
Engineer Squad
Designate Forward Repair Station
Rapid Repairs
Engineer Squad
Construct Tank Depot
Selects Assault Carriers
Selects Halftrack Strongpoints
M4A1 Sherman Medium Tank
Engineer Squad
M4A1 76mm Conversion
M1 Anti-tank Gun Team
M1 Anti-tank Gun Team
M4A1(76) Sherman Medium Tank
M1 Anti-tank Gun Team
Selects M26 Pershing Heavy Tank
M4A1(76) Sherman Medium Tank
Engineer Squad
M1 Anti-tank Gun Team
Engineer Squad
CommieRed
Zergvoss
Thank You Chef
Kray-Tos
Rommel
Peluche
viper4914
1901090024
0
0
Comments
sign in to comment!
No comments posted yet!